 Dungeon Crawl Stone Soup version 0.29-a0-270-g1586fc07ea (webtiles) character file.

Game seed: 10766131262096245103

114 siradein the Grave Robber (level 4, 0/36 HPs)
             Began as a Ghoul Necromancer on Mar 7, 2022.
             Slain by a hound (2 damage)
             ... on level 3 of the Dungeon on Mar 8, 2022.
             The game lasted 00:09:52 (2975 turns).

siradein the Grave Robber (Ghoul Necromancer)       Turns: 2975, Time: 00:09:54

Health: 0/36       AC:  3    Str: 17    XL:     4   Next: 97%
Magic:  11/15      EV: 12    Int: 12    God:
Gold:   185        SH:  0    Dex:  9    Spells: 4/8 levels left

rFire   . . .      SeeInvis .   q - +0 whip
rCold   + . .      Faith    .   (no shield)
rNeg    + + +      Spirit   .   a - +0 robe
rPois   ∞          Reflect  .   (no helmet)
rElec   .          Harm     .   (no cloak)
rCorr   .          Rampage  .   m - +0 pair of gloves
Will    .....                   (no boots)
Stlth   ++........              (no amulet)
HPRegen 0.00/turn               d - ring of magical power
MPRegen 0.14/turn               h - +6 ring of strength

@: inhibited regen
A: claws 1, cold resistance 1, negative energy resistance 3, inhibited
regeneration, torment resistance 2
a: no special abilities


You were on level 3 of the Dungeon.
You visited 1 branch of the dungeon, and saw 4 of its levels.

You collected 185 gold pieces.

Inventory:

Hand Weapons
 i - a +1 dagger of venom
 q - a +0 whip (weapon)
Armour
 a - a +0 robe (worn)
 m - a +0 pair of gloves (worn)
Jewellery
 d - a ring of magical power (left hand)
 h - a +6 ring of strength (right hand)
Wands
 e - a wand of polymorph (6)
Scrolls
 c - a scroll of summoning
 g - a scroll of amnesia {unknown}
 k - a scroll of enchant armour {unknown}
 n - a scroll of teleportation {unknown}
 o - a scroll of fear {unknown}
Potions
 b - 3 potions of magic
 f - a potion of berserk rage {unknown}
 j - a potion of curing
 l - 3 potions of mutation {unknown}
 p - a potion of lignification {unknown}
 r - a potion of flight {unknown}


   Skills:
 + Level 2.1 Fighting
 + Level 0.1 Maces & Flails
 + Level 2.6 Dodging
 - Level 2.1 Stealth
 + Level 2.5 Spellcasting
 + Level 4.6 Necromancy


You had 4 spell levels left.
You knew the following spells:

 Your Spells              Type           Power      Damage    Failure   Level
a - Pain                  Necr           48%        1d6       4%          1
b - Vampiric Draining     Necr           12%        2d6       12%         3

Your spell library contained the following spells:

 Spells                   Type           Power      Damage    Failure   Level
 Animate Skeleton         Necr           24%        N/A       4%          1
 Corpse Rot               Necr/Air       14%        N/A       16%         2
 Sting                    Tmut/Pois      4%         1d3       26%         1
 Poisonous Vapours        Pois/Air       2%         N/A       36%         2
 Animate Dead             Necr           6%         N/A       36%         4
 Olgreb's Toxic Radiance  Pois           1%         N/A       95%         4
 Agony                    Necr           12%        N/A       73%         5


Dungeon Overview and Level Annotations

Branches:
Dungeon (4/15)
 Temple: D:4-7

Altars:
Zin


Innate Abilities, Weirdness & Mutations

You thrive by killing the living.
You are immune to poison.
You have sharp fingernails.
Your flesh is cold resistant. (rC+)
You are immune to negative energy. (rN+++)
You do not regenerate when monsters are visible.
You are immune to unholy pain and torment.


Message History

The hound bites you.
There is a stone staircase leading up here.
The hound bites you. x2
You climb upwards.
There is a stone staircase leading down here.
You barely miss the hound. The hound barely misses you.
The hound writhes in agony.
The hound closely misses you.
The hound pauses to sniff the ground.
The hound bites you but does no damage.
The hound writhes in agony.
The hound misses you.
The hound writhes in agony.
The hound bites you. x2
The hound writhes in agony.
The hound bites you.
You are too injured to fight recklessly!
You barely miss the hound.
The hound is severely wounded.
The hound bites you but does no damage. The hound bites you.
You barely miss the hound.
The hound is severely wounded.
The hound misses you.
You barely miss the hound.
The hound is severely wounded.
The hound closely misses you. The hound bites you.
You closely miss the hound. You punch the hound, but do no damage.
The hound is severely wounded.
The hound bites you.
* * * LOW HITPOINT WARNING * * *
The hound bites you.
* * * LOW HITPOINT WARNING * * *
You miss the hound.
The hound is severely wounded.
The hound bites you.
* * * LOW HITPOINT WARNING * * *
Okay, then.
Okay, then.
Aiming: Polymorph
Press: ? - help, Shift-Dir - straight line, f/p - hound
Aim: a hound (severely wounded, will become an adder, a howler monkey, or a gnoll, chance to affect: 57%)
The hound resists with significant effort.
The hound bites you but does no damage. The hound bites you.
You die...

#........<..# ##.....##
...##.......# ###.......#
#..###.....## ##..†......#
..###.......# ###..#.......# .##
#.......# #...###.....## .#
#.......######.### ##....#### ##
##.........)...# ####.....
######....#......h.##########.###
................@...........####.
#####..####.......#.......†.#≈≈≈≈
#...# #.......#.........####.
#.#.# #.......#......>..#..##
#.#.# #.......#.........##.##
####...# #.).##>#######.........
.......# #.####.....# ###..##..#
...###.# #.# #####.# #...##.#
.####..# #.# #.#####.#.##.#


You could see a hound.

Vanquished Creatures
  3 adders
  A gnoll (D:4)
  4 dart slugs
  10 bats
  An endoplasm (D:1)
  11 giant cockroaches
  4 hobgoblins
  4 jackals (D:3)
  3 quokkas
  4 ball pythons
  3 frilled lizards
  6 goblins
  5 kobolds
  6 rats
65 creatures vanquished.

Notes
Turn   | Place    | Note
-------+----------+-------------------------------------------
     0 | D:1      | siradein the Ghoul Necromancer began the quest for the Orb.
     0 | D:1      | Reached XP level 1. HP: 14/14 MP: 2/2
    44 | D:1      | You fall into a shaft and drop 1 floor!
   227 | D:1      | Reached XP level 2. HP: 16/22 MP: 1/3
   354 | D:1      | Reached skill level 1 in Fighting
   722 | D:1      | Reached XP level 3. HP: 28/28 MP: 5/5
   726 | D:1      | Learned a level 3 spell: Vampiric Draining
  1681 | D:2      | Reached XP level 4. HP: 36/36 MP: 6/6
  2975 | D:3      | Slain by a hound

Illustrated notes

Levels and vault maps discovered:
D:1:      elethiomel_arrival_quiet, layout_basic
D:2:      minmay_roachtagon, layout_loops_ring
D:3:      layout_rooms, marbit_many_paths, chequers_serial_rivers_micro_a
D:4:      layout_rooms, lightli_ossuary_entry_decrepit_ruins,
          hangedman_decor_opposing, wad_rectangle_vault, uniq_pargi,
          uniq_eustachio, uniq_grinder, uniq_duvessa

Skill      XL: |  1  2  3  4 |
---------------+-------------+-----
Dodging        | 2 |  2.6
Spellcasting   | 2 |  2.5
Fighting       | 1 2 |  2.1
Maces & Flails | |  0.1
Stealth        | |  2.1
Necromancy     | |  4.6

Action                   |  1- 3 |  4- 6 || total
-------------------------+-------+-------++-------
Melee: Unarmed           |     8 |       ||     8
       Whip              |       |     6 ||     6
       Punch             |       |     1 ||     1
 Cast: Pain              |    84 |    66 ||   150
Evoke: Wand              |       |     1 ||     1
  Use: Scroll            |       |     4 ||     4
 Stab: Sleeping          |     1 |       ||     1
Armor: Robe              |     9 |     7 ||    16
Dodge: Dodged            |    20 |    22 ||    42

Table legend: (Time is in decaauts)
 A = Elapsed time spent in this place.
 B = Non-inter-level travel time spent in this place.
 C = Inter-level travel time spent in this place.
 D = Time resting spent in this place.
 E = Time spent auto-exploring this place.
 F = Levels seen in this place.
 G = Mean time per level.
                   A        B        C        D        E       F      G
               +--------+--------+--------+--------+--------+-----+--------+
         Total |   2974 |   2888 |     86 |      0 |   2479 |   4 |  743.5 |
       Dungeon |   2974 |   2888 |     86 |      0 |   2479 |   4 |  743.5 |
               +--------+--------+--------+--------+--------+-----+--------+

Top non-repeatable levels by time:
     D:1: 1095 daAuts
     D:2: 1058 daAuts
     D:3: 804 daAuts
     D:4: 16 daAuts
